 Dungeon Crawl Stone Soup version 0.30-a0-1116-gebefce21f7 (webtiles) character file.

Game seed: 3396570526866965640

284 cforsyth the Covered (level 5, -3/44 HPs)
             Began as a Demigod Wanderer on Apr 21, 2023.
             Succumbed to a kobold's poison
             ... on level 4 of the Dungeon.
             The game lasted 00:08:41 (3232 turns).

cforsyth the Covered (Demigod Wanderer)             Turns: 3232, Time: 00:08:42

Health: -3/44      AC:  3    Str: 10    XL:     5   Next: 79%
Magic:  9/11       EV: 12    Int: 13    God:
Gold:   192        SH:  0    Dex: 21    Spells: 5/9 levels left

rFire   . . .      SeeInvis +    a - +2 dagger (protect)
rCold   . . .      Faith    .    (no shield)
rNeg    . . .      Spirit   .    d - +1 robe
rPois   .          Reflect  .    (no helmet)
rElec   .          Rampage  .    (no cloak)
rCorr   .                        (no gloves)
Will    .....                    (no boots)
Stlth   +                        o - amulet of the acrobat
HPRegen 0.27/turn                k - ring of see invisible
MPRegen 0.12/turn                (no ring)

@: confused, lethally poisoned (-3 -> -18)
A: high MP 1, forlorn, divine attributes
a: no special abilities


You were on level 4 of the Dungeon.
You visited 1 branch of the dungeon, and saw 4 of its levels.

You collected 192 gold pieces.

Inventory:

Hand Weapons
 a - a +2 dagger of protection (weapon)
Armour
 d - a +1 robe (worn)
Jewellery
 k - a ring of see invisible (left hand)
 o - an amulet of the acrobat (around neck)
Scrolls
 b - a scroll of blinking
 f - 2 scrolls of identify
 g - a scroll of enchant armour
 h - a scroll of immolation
Potions
 c - 2 potions of curing
 e - a potion of lignification
 j - a potion of haste
 l - a potion of mutation
 p - a potion of attraction


   Skills:
 + Level 2.8 Fighting
 + Level 3.2 Armour
 - Level 1.7 Dodging
 - Level 1.7 Stealth
 + Level 2.5 Spellcasting
 + Level 2.8 Summonings
 - Level 1.0 Evocations


You had 5 spell levels left.
You knew the following spells:

 Your Spells              Type           Power      Damage    Failure   Level
a - Summon Small Mammal   Summ           36%        N/A       8%          1
b - Call Canine Familiar  Summ           9%         N/A       22%         3

Your spell library contained the following spells:

 Spells                   Type           Power      Damage    Failure   Level
 Shock                    Conj/Air       4%         1d3       24%         1
 Summon Guardian Golem    Hex/Summ       5%         N/A       38%         3
 Portal Projectile        Hex/Tloc       2%         N/A       58%         3
 Swiftness                Air            1%         N/A       58%         3
 Animate Armour           Summ/Erth      10%        N/A       80%         4
 Airstrike                Air            0%         2d(1-17)  94%         4
 Leda's Liquefaction      Hex/Erth       0%         N/A       94%         4
 Blade Hands              Tmut           0%         N/A       100%        5
 Iron Shot                Conj/Erth      0%         9d1       100%        6


Dungeon Overview and Level Annotations

Branches:
Dungeon (4/15)             Temple (0/1) D:4

Shops:
D:2 [   D:4 ([[

Annotations:
D:2 Natasha


Innate Abilities, Weirdness & Mutations

You have an increased reservoir of magic. (+10% MP)
You shall have no god before yourself.
Your divine heritage dramatically boosts your attributes as you level up.


Message History

The iguana is severely wounded.
The iguana bites you but does no damage.
You hit the iguana.
The iguana is almost dead.
The iguana completely misses you. The kobold hits you but does no damage.
You are poisoned.
You closely miss the iguana.
The iguana is almost dead.
You feel sick.
The iguana hisses menacingly.
The iguana bites you but does no damage.
The kobold zaps a wand.
Your will is overpowered!
You are confused.
You closely miss the kobold.
You feel sick. The iguana bites you. The kobold hits you but does no damage.
You are more poisoned.
You barely miss the kobold.
You feel very sick.
The kobold zaps a wand.
Your will is overpowered!
You are more confused.
The iguana misses you.
You're too confused to move!
You feel very sick. The iguana bites you!
* * * LOW HITPOINT WARNING * * *
The kobold hits you with a +0 dagger of venom.
* * * LOW HITPOINT WARNING * * *
Unknown command.
You're too confused to cast spells.
You bump into the rock wall.
* * * LOW HITPOINT WARNING * * *
You feel sick. The iguana bites you.
* * * LOW HITPOINT WARNING * * *
The kobold hits you with a +0 dagger of venom.
* * * LOW HITPOINT WARNING * * *
You are more poisoned.
There is a lethal amount of poison in your body!
You're too confused to cast spells.
You're too confused to move!
You die...

#.. .. .. .. .. ♣. )♣
♣..> .... _.....# .♣.
.♣.♣.# # .. .....#
#.#.#.♣.♣.#.##
#.....K......# #..
#@......#
#####.###l......#
...............#
#.#.##...........#
#.#.##...........# .#
#.#)......#+#....# .#
#.##.#....'∩'.####
.######.........#+###
###
...........#.......####
#.+++


You could see an iguana and a kobold.

Vanquished Creatures
  A nameless horror (D:4)
  An ogre (D:4)
  Natasha (D:2)
  6 adders
  2 dart slugs (D:3)
  9 orcs (D:4)
  12 ball pythons
  7 bats
  An endoplasm (D:3)
  A giant cockroach (D:1)
  2 hobgoblins
  3 jackals (D:3)
  5 kobolds
  4 quokkas
  2 goblins (D:1)
  A rat (D:1)
58 creatures vanquished.

Vanquished Creatures (collateral kills)
  Natasha (D:2)
  An ufetubus (D:4)
  6 orcs
  3 endoplasms (D:1)
  2 giant cockroaches (D:4)
  A goblin (D:1)
  A hobgoblin (D:3)
  A jackal (D:3)
  A ball python (D:1)
  2 frilled lizards
  A kobold (D:1)
  2 rats
22 creatures vanquished.

Vanquished Creatures (others)
  5 plants (D:1)
5 creatures vanquished.

Grand Total: 85 creatures vanquished

Notes
Turn   | Place    | Note
-------+----------+-------------------------------------------
     0 | D:1      | cforsyth the Demigod Wanderer began the quest for the Orb.
     0 | D:1      | cforsyth set off with the following items: a +2 dagger, a
                  | scroll of blinking, 2 potions of curing, a +0 robe; and the
                  | following spell memorised: Summon Small Mammal; and the
                  | following spells available to memorise: Summon Guardian
                  | Golem.
     0 | D:1      | Reached XP level 1. HP: 16/16 MP: 4/4
   205 | D:1      | Reached skill level 2 in Armour
   248 | D:1      | Reached XP level 2. HP: 16/23 MP: 3/6
  1165 | D:2      | Found Ublet's Antique Armour Shop.
  1176 | D:2      | Noticed Natasha
  1190 | D:2      | Killed Natasha
  1191 | D:2      | Reached XP level 3. HP: 18/29 MP: 6/8
  1630 | D:2      | Noticed Natasha
  1649 | D:2      | Killed Natasha
  1650 | D:2      | Reached XP level 4. HP: 13/36 MP: 7/9
  1654 | D:2      | Learned a level 3 spell: Call Canine Familiar
  1787 | D:2      | Noticed Natasha
  2796 | D:4      | Found Ves Ryxi's Weapon Emporium.
  2808 | D:4      | Reached XP level 5. HP: 39/42 MP: 8/11
  2936 | D:4      | Noticed a nameless horror
  2938 | D:4      | Noticed a nameless horror
  3025 | D:4      | Reached skill level 3 in Armour
  3112 | D:4      | Killed a nameless horror
  3131 | D:4      | Found a staircase to the Ecumenical Temple.
  3136 | D:4      | Noticed an ogre
  3149 | D:4      | Killed an ogre
  3165 | D:4      | Found Kun Eryf's Armour Boutique.
  3182 | D:4      | Found Baon's Armour Shop.
  3231 | D:4      | HP: 2/44 [iguana (1)]
  3232 | D:4      | Succumbed to a kobold's poison

Illustrated notes

Levels and vault maps discovered:
D:1:      scummos_arrival_hexagon, layout_basic, serial_bayou_lagoon_a,
          kennysheep_flooded_box, minmay_splitting_lines
D:2:      layout_basic, serial_shops, shop, uniq_natasha
D:3:      minmay_door_path, layout_rooms, nicolae_hepliaklqana_hippocampus,
          ebering_ecumenical_altar_petrified
D:4:      layout_loops_cross, mainiacjoe_overflow_cross_hatched,
          okawaru_trees_1, minmay_temple_entry_stoned_glass, serial_shops, shop,
          nicolae_shop_behind_doors, nicolae_shop_tiny_real_fake_doors,
          nicolae_ossuary_entry_ruins

Skill      XL: |  1  2  3  4  5 |
---------------+----------------+-----
Armour         | 2 3 |  3.2
Fighting       | 2 |  2.8
Summonings     | 2 |  2.8
Spellcasting   | 2 |  2.5
Dodging        | |  1.7
Stealth        | |  1.7
Evocations     | |  1.0

Action                     |  1- 3 |  4- 6 || total
---------------------------+-------+-------++-------
  Melee: Dagger            |    88 |   169 ||   257
         Punch             |       |     2 ||     2
   Cast: Summon Small Mamm |    42 |    38 ||    80
         Call Canine Famil |       |     4 ||     4
    Use: Scroll            |       |     9 ||     9
         Potion            |       |     2 ||     2
   Stab: Distracted        |     2 |     1 ||     3
         Sleeping          |     2 |     1 ||     3
 Armour: Robe              |    14 |    65 ||    79
  Dodge: Dodged            |    61 |   256 ||   317

Table legend: (Time is in decaauts)
 A = Elapsed time spent in this place.
 B = Non-inter-level travel time spent in this place.
 C = Inter-level travel time spent in this place.
 D = Time resting spent in this place.
 E = Time spent auto-exploring this place.
 F = Levels seen in this place.
 G = Mean time per level.
                   A        B        C        D        E       F      G
               +--------+--------+--------+--------+--------+-----+--------+
         Total |   3242 |   3171 |     71 |      0 |   2183 |   4 |  810.5 |
       Dungeon |   3242 |   3171 |     71 |      0 |   2183 |   4 |  810.5 |
               +--------+--------+--------+--------+--------+-----+--------+

Top non-repeatable levels by time:
     D:1: 995 daAuts
     D:3: 946 daAuts
     D:2: 864 daAuts
     D:4: 435 daAuts
